 Dungeon Crawl Stone Soup version 0.22-a0-21-g9421e3f (webtiles) character file.

1525 GlossyMounting the Skirmisher (level 8, -7/67 HPs)
             Began as a Gnoll Wanderer on Jan 2, 2018.
             Was a Follower of Uskayaw.
             Mangled by Prince Ribbit (17 damage)
             ... on level 7 of the Dungeon.
             The game lasted 00:21:57 (6324 turns).

GlossyMounting the Skirmisher (Gnoll Wanderer)      Turns: 6324, Time: 00:21:57

Health: -7/67      AC:  6    Str: 15    XL:     8   Next: 84%
Magic:  5/13       EV: 13    Int: 14    God:    Uskayaw [*.....]
Gold:   237        SH:  0    Dex: 17    Spells: 14/14 levels left

rFire    . . .     SeeInvis +   a - +3 short sword
rCold    . . .     Gourm    .   (no shield)
rNeg     . . .     Faith    .   H - +0 leather armour (curse)
rPois    .         Spirit   .   F - +0 helmet
rElec    .         Reflect  .   A - +0 cloak
rCorr    .         Harm     .   (no gloves)
MR       .....                  w - +0 pair of boots
Stlth    +++.......             (no amulet)
HPRegen  0.21/turn              (no ring)
MPRegen  0.13/turn              q - ring of see invisible

@: no status effects
A: distributed training, fangs 1, strong nose
a: Stomp, Renounce Religion


You were on level 7 of the Dungeon.
You worshipped Uskayaw.
Uskayaw was noncommittal.
You were very hungry.

You visited 2 branches of the dungeon, and saw 8 of its levels.

You collected 237 gold pieces.

Inventory:

Hand Weapons
 a - a +3 short sword (weapon)
 I - the +3 hunting sling of Mourning {venom, rElec rC+ Stlth+}
   (You found it on level 4 of the Dungeon)

   It poisons the ammo it fires.
   It protects you from cold.
   It insulates you from electricity.
   It makes you more stealthy.
Armour
 w - a +0 pair of boots (worn)
 A - a +0 cloak (worn)
 C - +0 gold dragon scales
 F - a +0 helmet (worn)
 H - a cursed +0 leather armour (worn)
Jewellery
 o - an uncursed ring of fire
 p - an uncursed ring of ice
 q - a ring of see invisible (right hand)
 B - an uncursed ring of fire
 J - an uncursed amulet of the gourmand {unknown}
Wands
 c - a wand of random effects (15)
 y - a wand of flame (35)
Scrolls
 g - a scroll of enchant weapon
 h - a scroll of enchant armour {unknown}
 i - 3 scrolls of identify
 j - a scroll of blinking {unknown}
 l - 8 scrolls of remove curse
 n - 3 scrolls of teleportation
 v - a scroll of amnesia
 D - a scroll of magic mapping
 K - a scroll of fog
Potions
 b - 4 potions of lignification
 d - a potion of flight {unknown}
 k - 3 potions of haste {unknown}
 m - a potion of agility
 r - 2 potions of degeneration {unknown}
 s - 4 potions of brilliance {unknown}
 t - a potion of ambrosia {unknown}
 u - 3 potions of curing {unknown}
 x - 3 potions of mutation {unknown}
 E - a potion of might {unknown}
 G - a potion of berserk rage {unknown}
Books
 e - a book of Conjurations

   Spells                             Type                      Level
   a - Magic Dart                     Conjuration                  1
   b - Searing Ray                    Conjuration                  2
   c - Dazzling Spray                 Conjuration/Hexes            3
   d - Fulminant Prism                Conjuration/Hexes            4
   e - Force Lance                    Conjuration/Translocation    4
   f - Iskenderun's Mystic Blast      Conjuration                  4
 z - a book of Misfortune

   Spells                             Type                      Level
   a - Confusing Touch                Hexes                        1
   b - Confuse                        Hexes                        3
   c - Gell's Gravitas                Translocation                3
   d - Petrify                        Transmutation/Earth          4
   e - Metabolic Englaciation         Hexes/Ice                    5
   f - Yara's Violent Unravelling     Hexes/Transmutation          5
Comestibles
 f - 10 rations


   Skills:
 + Level 7.5 Fighting
 + Level 5.8 Short Blades
 + Level 3.5 Long Blades
 + Level 3.5 Axes
 + Level 3.5 Maces & Flails
 + Level 3.5 Polearms
 + Level 3.5 Staves
 + Level 3.5 Slings
 + Level 3.5 Bows
 + Level 3.5 Crossbows
 + Level 3.5 Throwing
 + Level 3.5 Armour
 + Level 3.5 Dodging
 + Level 7.0 Stealth
 + Level 3.5 Shields
 + Level 3.5 Unarmed Combat
 + Level 3.5 Spellcasting
 + Level 2.9 Conjurations
 + Level 2.9 Hexes
 + Level 2.9 Charms
 + Level 2.9 Summonings
 + Level 2.9 Necromancy
 + Level 2.9 Translocations
 + Level 2.9 Transmutations
 + Level 2.9 Fire Magic
 + Level 2.9 Ice Magic
 + Level 2.9 Air Magic
 + Level 2.9 Earth Magic
 + Level 2.9 Poison Magic
 + Level 3.9 Invocations
 + Level 5.8 Evocations


You had 14 spell levels left.
You didn't know any spells.

Dungeon Overview and Level Annotations

Branches:
Dungeon (7/15)             Temple (1/1) D:5

Altars:
Cheibriados
Dithmenos
Hepliaklqana
Kikubaaqudgha
Makhleb
Okawaru
Sif Muna
Uskayaw
Xom
Zin
The Shining One

Annotations:
D:7 Prince Ribbit


Innate Abilities, Weirdness & Mutations

Your experience applies equally to all skills.
You have very sharp teeth.
Your uncanny sense of smell can sniff out nearby items.


Message History

You hit the bullfrog. You bite the bullfrog.
The bullfrog is almost dead.
The bullfrog hits you! Prince Ribbit hits you. The bullfrog hits you.
You hit the bullfrog.
You kill the bullfrog!
Prince Ribbit hits you but does no damage.
Prince Ribbit closely misses you.
You can now pass through a line of other dancers.
You hit the centaur.
The centaur is severely wounded.
The centaur unwields an uncursed shortbow.
The centaur hits you. Prince Ribbit hits you!
* * * LOW HITPOINT WARNING * * *
Aiming: Line Pass
Press: ? - help, Dir - move target cursor The centaur appears confused.
You feel somewhat more hungry.
You can no longer pass through a line of other dancers.
The centaur completely misses Prince Ribbit.
Prince Ribbit hits you!
You die...

∆ ∆ # ## .#. #.# ∆
.. ###.###....
#.#########.F.)...#
#.....<...o@c.#
###########.### #o#
#o# #o# #.# #.# #.#


You could see Prince Ribbit, a centaur (confused), an orc priest, 2 orc wizards
and an orc.

Vanquished Creatures
  A troll (D:6)
  A black bear (D:6)
  2 ogres
  A centaur (D:6)
  3 bullfrogs
  2 scorpions
  2 howler monkeys (D:4)
  A crimson imp (D:6)
  2 hounds (D:4)
  2 orc priests
  2 centaur skeletons
  Crazy Yiuf (D:3)
  2 iguanas
  An orc wizard (D:5)
  2 worker ants (D:6)
  A hound zombie (D:6)
  3 hound skeletons
  A worker ant zombie (D:5)
  8 adders
  An ooze (D:6)
  An adder skeleton (D:5)
  3 dart slugs
  4 leopard geckos
  6 orcs
  9 giant cockroaches
  13 goblins
  6 hobgoblins
  4 jackals (D:6)
  3 quokkas
  10 bats
  7 frilled lizards
  3 kobolds
  A leopard gecko zombie (D:6)
  6 rats
  A bush (D:3)
  A fungus (D:3)
117 creatures vanquished.

Notes
Turn   | Place    | Note
-------+----------+-------------------------------------------
     0 | D:1      | GlossyMounting the Gnoll Wanderer began the quest for the Orb.
     0 | D:1      | GlossyMounting set off with: a +2 short sword, a potion of lignification, a wand of random effects (15), a +0 robe, a +0 dagger, a ration
     0 | D:1      | Reached XP level 1. HP: 23/23 MP: 3/3
    77 | D:1      | Reached XP level 2. HP: 25/29 MP: 5/5
   500 | D:1      | Reached XP level 3. HP: 35/35 MP: 6/6
   879 | D:2      | Found a faded altar of an unknown god.
   955 | D:2      | Reached skill level 1 in Invocations
  1017 | D:2      | Reached skill level 1 in Long Blades
  1017 | D:2      | Reached skill level 1 in Axes
  1017 | D:2      | Reached skill level 1 in Maces & Flails
  1017 | D:2      | Reached skill level 1 in Polearms
  1017 | D:2      | Reached skill level 1 in Staves
  1017 | D:2      | Reached skill level 1 in Slings
  1017 | D:2      | Reached skill level 1 in Bows
  1017 | D:2      | Reached skill level 1 in Crossbows
  1017 | D:2      | Reached skill level 1 in Throwing
  1017 | D:2      | Reached skill level 1 in Armour
  1017 | D:2      | Reached skill level 1 in Dodging
  1017 | D:2      | Reached skill level 1 in Shields
  1017 | D:2      | Reached skill level 1 in Unarmed Combat
  1017 | D:2      | Reached skill level 1 in Spellcasting
  1023 | D:2      | Reached XP level 4. HP: 33/41 MP: 7/7
  1581 | D:2      | Found an iron altar of Okawaru.
  1935 | D:3      | Reached skill level 1 in Conjurations
  1935 | D:3      | Reached skill level 1 in Hexes
  1935 | D:3      | Reached skill level 1 in Charms
  1935 | D:3      | Reached skill level 1 in Summonings
  1935 | D:3      | Reached skill level 1 in Necromancy
  1935 | D:3      | Reached skill level 1 in Translocations
  1935 | D:3      | Reached skill level 1 in Transmutations
  1935 | D:3      | Reached skill level 1 in Fire Magic
  1935 | D:3      | Reached skill level 1 in Ice Magic
  1935 | D:3      | Reached skill level 1 in Air Magic
  1935 | D:3      | Reached skill level 1 in Earth Magic
  1935 | D:3      | Reached skill level 1 in Poison Magic
  2381 | D:3      | Reached XP level 5. HP: 47/47 MP: 8/8
  2919 | D:3      | Found a runed door.
  2923 | D:3      | Noticed Crazy Yiuf
  2927 | D:3      | Killed Crazy Yiuf
  3172 | D:4      | Noticed an ogre
  3174 | D:4      | Killed an ogre
  3174 | D:4      | Reached XP level 6. HP: 53/53 MP: 9/9
  3325 | D:4      | Reached skill level 5 in Short Blades
  3325 | D:4      | Reached skill level 5 in Evocations
  3475 | D:4      | Got a sapphire hunting sling
  3476 | D:4      | Identified the cursed +3 hunting sling of Mourning {venom, rElec rC+ Stlth+} (You found it on level 4 of the Dungeon)
  3626 | D:5      | Entered Level 5 of the Dungeon
  3647 | D:5      | Reached XP level 7. HP: 35/59 MP: 10/10
  4067 | D:5      | Found a glowing golden altar of the Shining One.
  4529 | D:5      | Found a staircase to the Ecumenical Temple.
  4762 | D:6      | Found a shimmering altar of Xom.
  4763 | D:6      | Found a hazy altar of Hepliaklqana.
  4764 | D:6      | Noticed a spectral ugly thing
  4806 | Temple   | Entered the Ecumenical Temple
  4819 | Temple   | Became a worshipper of Uskayaw the Reveler
  4873 | D:6      | Reached * piety under Uskayaw
  4887 | D:6      | Reached ** piety under Uskayaw
  4900 | D:6      | Reached *** piety under Uskayaw
  5054 | D:6      | Found a snail-covered altar of Cheibriados.
  5134 | D:6      | Reached XP level 8. HP: 67/67 MP: 12/12
  5591 | D:6      | Noticed an Executioner
  5592 | D:6      | Found a burning altar of Makhleb.
  5595 | D:6      | Found a glowing silver altar of Zin.
  5595 | D:6      | Noticed an angel
  5928 | D:6      | Noticed a troll
  5936 | D:6      | Killed a troll
  6311 | D:7      | Noticed Prince Ribbit
  6324 | D:7      | Mangled by Prince Ribbit

Vault maps used:
D:1:      minmay_arrival_jagged, minmay_tromino_v4_b
D:2:      chequers_ecumenical_altar_simple_redux, okawaru_gym_becter
D:3:      first_ration, kennysheep_minor_cross, uniq_crazy_yiuf_cottage
D:5:      tso_metal_star, minmay_temple_entry_from_below_a
D:6:      regret_index_temple_of_mockery,
          grunt_temple_overflow_order_and_chaos_2, kennysheep_slug_shrine,
          kennysheep_generic_room_15
D:7:      gammafunk_temple_overflow_elements, grunt_ogre_cave,
          uniq_prince_ribbit1
Temple:   dpeg_three_leaves_temple

Skill      XL: |  1  2  3  4  5  6  7  8 |
---------------+-------------------------+-----
Stealth        | 6 7 |  7.0
Invocations    | 1 2 3 |  3.9
Long Blades    | 1 2 3 |  3.5
Axes           | 1 2 3 |  3.5
Maces & Flails | 1 2 3 |  3.5
Polearms       | 1 2 3 |  3.5
Staves         | 1 2 3 |  3.5
Slings         | 1 2 3 |  3.5
Bows           | 1 2 3 |  3.5
Crossbows      | 1 2 3 |  3.5
Throwing       | 1 2 3 |  3.5
Armour         | 1 2 3 |  3.5
Dodging        | 1 2 3 |  3.5
Shields        | 1 2 3 |  3.5
Unarmed Combat | 1 2 3 |  3.5
Spellcasting   | 1 2 3 |  3.5
Conjurations   | 1 2 |  2.9
Hexes          | 1 2 |  2.9
Charms         | 1 2 |  2.9
Summonings     | 1 2 |  2.9
Necromancy     | 1 2 |  2.9
Translocations | 1 2 |  2.9
Transmutations | 1 2 |  2.9
Fire Magic     | 1 2 |  2.9
Ice Magic      | 1 2 |  2.9
Air Magic      | 1 2 |  2.9
Earth Magic    | 1 2 |  2.9
Poison Magic   | 1 2 |  2.9
Short Blades   | 5 |  5.8
Evocations     | 5 |  5.8
Fighting       | 7 |  7.5

Action                   |  1- 3 |  4- 6 |  7- 9 || total
-------------------------+-------+-------+-------++-------
Melee: Short sword       |    67 |   230 |   183 ||   480
       Bite              |     6 |    35 |    32 ||    73
       Punch             |       |     4 |     6 ||    10
Invok: Line Pass         |       |       |     2 ||     2
Evoke: Wand              |       |       |     1 ||     1
  Use: Scroll            |       |    10 |       ||    10
 Stab: Sleeping          |    15 |    14 |    14 ||    43
       Distracted        |       |     1 |     1 ||     2
       Paralysed         |       |       |     1 ||     1
  Eat: Chunk             |       |     8 |     5 ||    13
       Ration            |       |       |     1 ||     1
Armor: Robe              |     3 |    13 |     4 ||    20
       Ring mail         |    18 |    16 |       ||    34
       Gold dragon scale |       |       |    22 ||    22
       Leather armour    |       |       |    28 ||    28
Dodge: Dodged            |    19 |    48 |    54 ||   121

Table legend:
 A = Spawn XP
 B = Non-spawn XP
 C = Spawn XP percentage of total XP
 D = Spawn monster count
 E = Non-spawn monster count
 F = Spawn count percentage of total count
 G = Total turns spent on level
                    A         B        C        D         E        F      G
               +---------+---------+-------+---------+---------+-------+---------
         Total |       0 |    2179 |   0.0 |       0 |     115 |   0.0 |  6324
               +---------+---------+-------+---------+---------+-------+---------
           D:1 |       0 |      37 |   0.0 |       0 |      22 |   0.0 |   865
           D:2 |       0 |      65 |   0.0 |       0 |      19 |   0.0 |   912
           D:3 |       0 |     105 |   0.0 |       0 |      17 |   0.0 |  1259
           D:4 |       0 |     359 |   0.0 |       0 |      14 |   0.0 |   590
           D:5 |       0 |     410 |   0.0 |       0 |      17 |   0.0 |  1128
           D:6 |       0 |    1115 |   0.0 |       0 |      25 |   0.0 |  1520
           D:7 |       0 |      88 |   0.0 |       0 |       1 |   0.0 |    18
               +---------+---------+-------+---------+---------+-------+---------
